 Dungeon Crawl Stone Soup version 0.31-a0-675-g238779eb0a (webtiles) character file.

Game seed: 16328004399053078204

58 qw the Shooter (level 4, 0/28 HPs)
             Began as a Gargoyle Hunter on Sept 5, 2023.
             Slain by a jackal (2 damage)
             ... on level 2 of the Dungeon.
             The game lasted 00:00:23 (553 turns).

qw the Shooter (Gargoyle Hunter)                     Turns: 553, Time: 00:00:23

Health: 0/28       AC:  6    Str: 15    XL:     4   Next: 1%
Magic:  4/4        EV: 11    Int:  9    God:
Gold:   94         SH:  0    Dex: 15    Spells: 3/3 levels left

rFire   . . .        a - +0 shortbow
rCold   . . .        (shield currently unavailable)
rNeg    + . .        c - +0 leather armour
rPois   inf          (no helmet)
rElec   +            (no cloak)
rCorr   .            (no gloves)
SInv    .            (no boots)
Will    .....        (no amulet)
Stlth   ++           (no ring)
HPRegen 0.24/turn    (no ring)
MPRegen 0.09/turn

%: no passive effects
@: no status effects
A: sickness immunity, AC +3, negative energy resistance 1, electricity
resistance, torment resistance 1, petrification resistance
a: no special abilities


You were on level 2 of the Dungeon.
You visited 1 branch of the dungeon, and saw 2 of its levels.

You collected 94 gold pieces.


Innate Abilities, Weirdness & Mutations

You are immune to sickness and miasma.
Your stone body is resilient. (AC +3)
You are immune to poison.
You resist negative energy. (rN+)
You are resistant to electric shocks. (rElec)
You are resistant to unholy torment.
You are immune to petrification.


   Skills:
 - Level 3.2 Fighting
 + Level 5.0 Ranged Weapons
 - Level 1.5 Dodging
 - Level 1.1 Stealth


You had 3 spell levels left.
You didn't know any spells.
Your spell library was empty.

Inventory:

Hand Weapons
 a - a +0 shortbow (weapon)
Armour
 c - a +0 leather armour (worn)
 f - a +0 ring mail
Jewellery
 g - a +6 ring of dexterity
Scrolls
 b - a scroll of butterflies
 e - a scroll of blinking {unknown}
 i - a scroll of identify {unknown}
Potions
 d - a potion of mutation {unknown}
 h - a potion of magic {unknown}

Dungeon Overview and Level Annotations

Branches:
Dungeon (2/15)

Altars:


Message History

The ball python grabs you. The ball python constricts you.
The jackal bites you but does no damage.
You shoot an arrow. The arrow hits the ball python.
You kill the ball python!
The adder closely misses you. The jackal barely misses you.
The jackal misses you. The jackal closely misses you. The adder bites you.
The jackal closely misses you.
The jackal bites you but does no damage.
You shoot an arrow. The arrow hits the adder.
You kill the adder!
The jackal bites you. The jackal barely misses you.
The jackal closely misses you. The jackal bites you.
The jackal closely misses you.
Your Fighting skill increases to level 3!
You shoot an arrow. The arrow barely misses the jackal.
The jackal bites you. The jackal closely misses you.
The jackal barely misses you.
The jackal bites you but does no damage.
The jackal barely misses you.
You shoot an arrow. The arrow misses the jackal.
The jackal bites you.
The jackal bites you but does no damage.
The jackal bites you. The jackal closely misses you. x2
You shoot an arrow. The arrow hits the jackal.
The jackal is heavily wounded.
The jackal barely misses you. The jackal closely misses you.
The jackal barely misses you. The jackal bites you. The jackal misses you.
You shoot an arrow. The arrow hits the jackal.
You kill the jackal!
The jackal bites you.
The jackal bites you but does no damage.
The jackal closely misses you.
You have reached level 4!
You feel stronger.
You shoot an arrow. The arrow hits the worm!
The worm is heavily wounded.
The jackal closely misses you. x2
The jackal bites you but does no damage. x2
You shoot an arrow. The arrow completely misses the worm.
The jackal bites you.
You die...

......##....
.... ......# #
........... ..
..........##.#
.............
......#....
##.%.hhw## #..
#@%.#
#.####.#..<...
#.##...# ..##.
##.#..### ...
##....## ...
#####.%#.## .$
# ###.....#..#
.
.##...#####.##
.....## #..


You could see a worm and 2 jackals.

Vanquished Creatures
  2 adders (D:2)
  6 ball pythons
  3 endoplasms (D:1)
  2 hobgoblins (D:1)
  2 jackals (D:2)
  2 kobolds (D:1)
  3 quokkas (D:1)
  6 bats (D:1)
  2 frilled lizards
  7 goblins (D:1)
  A rat (D:1)
36 creatures vanquished.

Notes
Turn   | Place    | Note
-------+----------+-------------------------------------------
     0 | D:1      | qw the Gargoyle Hunter began the quest for the Orb.
     0 | D:1      | Reached XP level 1. HP: 12/12 MP: 1/1
     0 | D:1      | 0 ||| qw: Version: 0.3-a-75-g829b12e
     0 | D:1      | 0 ||| qw: Game counter: 99
     0 | D:1      | 0 ||| qw: Melee chars always use a shield: true
     0 | D:1      | 0 ||| qw: God list: Okawaru
     0 | D:1      | 0 ||| qw: Allow faded altars: false
     0 | D:1      | 0 ||| qw: Do Orc after clearing Dungeon:15 true
     0 | D:1      | 0 ||| qw: Do second Lair branch before Depths: true
     0 | D:1      | 0 ||| qw: Lair rune preference: random
     0 | D:1      | 0 ||| qw: Goals: Normal
     0 | D:1      | 0 ||| PLANNING D:1-11
   105 | D:1      | Reached XP level 2. HP: 17/17 MP: 2/2
   254 | D:1      | Reached XP level 3. HP: 21/21 MP: 3/3
   401 | D:1      | Reached skill level 5 in Ranged Weapons
   486 | D:1      | You fall into a shaft and drop 1 floor!
   548 | D:2      | Reached skill level 3 in Fighting
   549 | D:2      | HP: 5/23 [jackal (2)]
   551 | D:2      | HP: 1/23 [jackal (3)]
   552 | D:2      | Reached XP level 4. HP: 1/28 MP: 4/4
   553 | D:2      | Slain by a jackal

Levels and vault maps discovered:
D:1:      evilmike_arrival_crescent, layout_loops_ring, grunt_decor_fettered,
          st_stairs_11, serial_park_tiny_2
D:2:      layout_rooms, uniq_natasha

Skill      XL: |  1  2  3 |
---------------+----------+-----
Ranged Weapons | 5 |  5.0
Fighting       | 3 |  3.2
Dodging        | |  1.5
Stealth        | |  1.1

Action                     |  1- 3 |  4- 6 || total
---------------------------+-------+-------++-------
   Fire: Shortbow          |   117 |     2 ||   119
 Armour: Leather armour    |    55 |     3 ||    58
  Dodge: Dodged            |    59 |     2 ||    61

Table legend:
 A = Non-vault XP
 B = Vault XP
 C = Vault XP percentage of total XP
 D = Non-vault monster count
 E = Vault monster count
 F = Vault count percentage of total count
                 A         B        C        D         E       F
            +---------+---------+-------+---------+---------+-------
      Total |      78 |       5 |   6.0 |      33 |       3 |   8.3
            +---------+---------+-------+---------+---------+-------
        D:1 |      43 |       5 |  10.4 |      26 |       3 |  10.3
        D:2 |      35 |       0 |   0.0 |       7 |       0 |   0.0
            +---------+---------+-------+---------+---------+-------
